 Dungeon Crawl Stone Soup version 0.14.1-3-gd16b60d (webtiles) character file.

309 FedhasBadass the Poker (level 5, 0/39 HPs)
             Began as a Merfolk Skald on May 17, 2014.
             Succumbed to a gnoll's poison
             ... on Level 3 of the Dungeon.
             The game lasted 00:13:24 (2996 turns).

FedhasBadass the Poker (Merfolk Skald)              Turns: 2996, Time: 00:13:24

HP   0/39        AC  3     Str 13      XL: 5   Next: 37%
MP   9/9         EV 17     Int 11      God:
Gold 153         SH  0     Dex 14      Spells:  2 memorised,  5 levels left

rFire  . . .     SeeInvis .     a - +0 spear
rCold  . . .     Clarity  .     b - +0 leather armour
rNeg   . . .     Conserve .     (no shield)
rPois  .         rCorr    .     (no helmet)
rElec  .         rRot     .     (no cloak)
SustAb . .       Spirit   .     (no gloves)
rMut   .         Warding  .     (no boots)
Gourm  +         Stasis   .     q - amulet of the gourmand
MR     .....                    (no ring)
                                n - +4 ring of evasion

@: lethally poisoned, very slightly contaminated, hasted, very quick, not
resistant to hostile enchantments, unstealthy
A: change form in water, swift swim
a: no special abilities


You were on level 3 of the Dungeon.
You were very full.

You visited 1 branch of the dungeon, and saw 3 of its levels.

You collected 153 gold pieces.

Inventory:

Hand weapons
 a - a +0,+0 spear (weapon)
Armour
 b - a +0 leather armour (worn)
Comestibles
 d - a bread ration
 g - 3 meat rations
 o - an orange
Scrolls
 e - 3 scrolls of fog
 f - 2 scrolls of random uselessness {unknown}
 h - 2 scrolls of remove curse
 j - 2 scrolls of identify
Jewellery
 n - a +4 ring of evasion (left hand)
 p - an uncursed amulet of faith {unknown}
 q - an amulet of the gourmand (around neck)
Potions
 k - 2 potions of might
 s - a potion of flight
Books
 c - a book of Battle

   Spells                             Type                      Level
   *Infusion                          Charms                       1
   Shroud of Golubria                 Charms/Translocation         2
   *Song of Slaying                   Charms                       2
   Spectral Weapon                    Hexes/Charms                 3
   Regeneration                       Charms/Necromancy            3


   Skills:
 * Level 2.7 Fighting
 * Level 4.8 Polearms
 - Level 0.6 Armour
 * Level 4.8 Dodging
 + Level 0.2 Stealth
 + Level 2.0 Spellcasting
 + Level 3.7 Charms


You had 5 spell levels left.
You knew the following spells:

 Your Spells              Type           Power        Failure   Level  Hunger
a - Infusion              Chrm           #.....       10%         1    ##.....
b - Song of Slaying       Chrm           #.......     12%         2    ###....


Dungeon Overview and Level Annotations

Branches:
Dungeon (3/15)

Altars:
Elyvilon

Annotations:
D:3 Sigmund


Message History

A gnoll comes into view. It is wielding a club.
Your legs become a tail as you enter the water.
Drink which item? (? for menu, Esc to quit)
You feel yourself speed up.
It was a potion of haste.
* * * LOW HITPOINT WARNING * * *
You feel sick.
You are very lightly contaminated with residual magic.
A jackal comes into view. 3 jackals come into view.
* * * LOW HITPOINT WARNING * * *
You feel sick.
Unknown command.
A jackal comes into view.
The jackal barks!
A jackal comes into view.
The jackal barks!
The jackal bites you but does no damage.
A jackal comes into view.
The jackal barks! x2
You die...

######################
.......................
.....P.........h......P.
≈≈≈h≈≈≈≈≈≈≈≈hhhh≈≈≈≈≈≈≈≈
≈≈≈≈≈≈≈≈≈≈≈≈≈≈≈≈≈≈≈≈≈≈≈≈
##≈≈g≈≈≈≈≈≈≈≈≈≈≈≈≈≈≈≈≈≈≈≈
.#(g.g...g....h.@..h.....
.#'######################
'#.. ..g.. ##.... ##g'##
... . g... #.... #g
#....#


You could see a gnoll and 7 jackals.

Vanquished Creatures
  Ijyb (D:2)
  A gnoll (D:3)
  7 adders
  A giant mite (D:2)
  A worm (D:1)
  2 oozes (D:2)
  2 orcs (D:3)
  3 bats
  2 giant cockroaches
  4 goblins
  6 hobgoblins
  7 jackals
  2 kobolds (D:2)
  2 ball pythons
  3 giant newts
  7 rats
51 creatures vanquished.

Notes
Turn   | Place    | Note
--------------------------------------------------------------
     0 | D:1      | FedhasBadass, the Merfolk Skald, began the quest for the Orb.
     0 | D:1      | Reached XP level 1. HP: 16/16 MP: 3/3
   227 | D:1      | Reached XP level 2. HP: 1/22 MP: 4/4
   912 | D:2      | Reached XP level 3. HP: 19/28 MP: 1/6
  1180 | D:2      | Learned a level 2 spell: Song of Slaying
  1217 | D:2      | Reached skill level 4 in Polearms
  1456 | D:2      | Reached XP level 4. HP: 15/34 MP: 1/7
  2009 | D:2      | Noticed Ijyb
  2037 | D:2      | Killed Ijyb
  2157 | D:2      | Found a white marble altar of Elyvilon.
  2264 | D:3      | Noticed Sigmund
  2304 | D:3      | Reached XP level 5. HP: 19/39 MP: 9/9
  2984 | D:3      | HP: 1/39 [poisoned by a gnoll]
  2996 | D:3      | Succumbed to a gnoll's poison

Action                   |  1- 3 |  4- 6 || total
-------------------------+-------+-------++-------
Melee: Spear             |   130 |   162 ||   292
 Cast: Infusion          |     6 |     7 ||    13
       Song of Slaying   |       |     2 ||     2
  Use: Scroll            |       |     8 ||     8
       Potion            |       |     3 ||     3
